 Dungeon Crawl Stone Soup version 0.18-a0-1551-g40744a8 (webtiles) character file.

3400 Ijustatesigmund the Insei (level 10, -2/81 HPs)
             Began as an Octopode Transmuter on Mar 11, 2016.
             Slain by a wyvern (17 damage)
             ... on level 8 of the Dungeon.
             The game lasted 00:29:59 (10361 turns).

Ijustatesigmund the Insei (Octopode Transmuter)    Turns: 10361, Time: 00:30:00

Health: -2/81      AC:  6    Str:  9    XL:     10   Next: 4%
Magic:  9/18       EV: 11    Int: 22    God:
Gold:   360        SH:  0    Dex: 14    Spells: 6 memorised, 4 levels left

rFire  x . .     SeeInvis .       - Unarmed
rCold  + + +     Gourm    .     (shield currently unavailable)
rNeg   . . .     Faith    .     (helmet currently unavailable)
rPois  +         Spirit   .     (no amulet)
rElec  .         Dismiss  .     k - +4 ring of intelligence
rCorr  .         Reflect  .     (no ring)
SustAt .         Harm     .     (no ring)
MR     .....                    (no ring)
Stlth  ++........               (no ring)
                                (no ring)
                                (no ring)
                                (no ring)

@: ice-form, very slightly contaminated, not resistant to hostile enchantments,
unstealthy
A: almost no armour, amphibious, 8 rings, (constrict 8), (camouflage 0),
(gelatinous body 0)
a: End Transformation


You were on level 8 of the Dungeon.
You were not hungry.
You were a creature of crystalline ice.
You visited 1 branch of the dungeon, and saw 8 of its levels.

You collected 360 gold pieces.

Inventory:

Missiles
 a - 141 arrows
 j - 16 tomahawks (quivered)
 n - 4 arrows of flame
 w - 4 steel tomahawks
Armour
 m - a +2 large shield
Jewellery
 k - a +4 ring of intelligence (left front paw)
Wands
 o - a wand of lightning (2/15)
 u - a wand of slowing (21/48)
 z - a wand of lightning (7/15)
Scrolls
 d - 2 scrolls of enchant armour
 f - a scroll of remove curse
 q - a scroll of fog
 t - 2 scrolls of magic mapping
Potions
 e - a potion of cure mutation
 i - a potion of lignification
 s - a potion of cancellation {unknown}
Books
 b - a book of Changes

   Spells                             Type                      Level
   a - Beastly Appendage              Transmutation                1
   b - Sticks to Snakes               Transmutation                2
   c - Spider Form                    Transmutation/Poison         3
   d - Ice Form                       Ice/Transmutation            4
   e - Blade Hands                    Transmutation                5
 c - Sif Muna's Volume of Creation
   (You found it on level 4 of the Dungeon)

   Spells                             Type                      Level
   a - Summon Small Mammal            Summoning                    1
 p - an Akashic Record

   Spells                             Type                      Level
   a - Dispersal                      Translocation                6
   b - Malign Gateway                 Summoning/Translocation      7
   c - Disjunction                    Translocation                8
   d - Controlled Blink               Translocation                8
 r - a book of Maledictions

   Spells                             Type                      Level
   a - Corona                         Hexes                        1
   b - Ensorcelled Hibernation        Hexes/Ice                    2
   c - Confuse                        Hexes                        3
   d - Tukima's Dance                 Hexes                        3
   e - Dazzling Spray                 Conjuration/Hexes            3
 v - a book of Summonings

   Spells                             Type                      Level
   a - Recall                         Summoning/Translocation      3
   b - Aura of Abjuration             Summoning                    5
   c - Summon Demon                   Summoning                    5
   d - Summon Forest                  Summoning/Translocation      5
   e - Summon Mana Viper              Hexes/Summoning              5
   f - Shadow Creatures               Summoning                    6
Comestibles
 g - 3 meat rations
 h - 8 bread rations
 x - 4 chunks of flesh


   Skills:
 + Level 6.2 Fighting
 - Level 3.0 Dodging
 - Level 3.2 Stealth
 + Level 7.0 Unarmed Combat
 + Level 5.4 Spellcasting
 - Level 3.7 Conjurations
 - Level 3.7 Hexes
 - Level 5.0 Transmutations
 - Level 3.3 Ice Magic
 - Level 2.3 Poison Magic


You had 4 spell levels left.
You knew the following spells:

 Your Spells              Type           Power        Failure   Level  Hunger
a - Beastly Appendage     Trmt           ####..       1%          1    None
b - Sticks to Snakes      Trmt           ####....     1%          2    None
c - Spider Form           Trmt/Pois      ###.......   8%          3    ##.....
d - Dazzling Spray        Conj/Hex       ###.....     8%          3    ##.....
e - Ice Form              Ice/Trmt       ###.....     17%         4    ####...
f - Ensorcelled Hibernat  Hex/Ice        ###...       4%          2    None


Dungeon Overview and Level Annotations

Branches:
Dungeon (8/15)             Temple (0/1) D:5
   Lair: D:8-11

Altars:
Dithmenos
Elyvilon
Fedhas
Kikubaaqudgha
Makhleb
Okawaru
Pakellas
Qazlal
Sif Muna
Trog
Vehumet
Zin
The Shining One


Innate Abilities, Weirdness & Mutations

You cannot wear most types of armour.
You are amphibious.
You can wear up to eight rings at the same time.
((You can use your tentacles to constrict eight enemies at once.))
((Your skin changes colour to match your surroundings (Stealth).))
((Your rubbery body absorbs attacks (AC +1).))


Message History

The water moccasin barely misses you.
The water moccasin bites you but does no damage.
You hit the water moccasin. You freeze the water moccasin.
The water moccasin seems to slow down.
The water moccasin is severely wounded.
The water moccasin bites you but does no damage.
You punch the water moccasin! You freeze the water moccasin.
You kill the water moccasin!
Your Unarmed Combat skill increases to level 7!
Casting: Ice Form
Confirm with . or Enter, or press ? or * to list all spells.
Aiming: Ensorcelled Hibernation
Press: ? - help, Shift-Dir - straight line, f - wyvern
Aim: a wyvern (chance to defeat MR: 50%)
You miscast Ensorcelled Hibernation.
You are very lightly contaminated with residual magic.
Your skin tingles.
The wyvern bites you!!
* * * LOW HITPOINT WARNING * * *
The wyvern bites you!
You die...

#.# #.#.#.#.# ..
#.#.#.#
.########.###...#
#......##..##.###
#..$...# #.##.#
#......###..#.#
#......##.....#
#......##.#...#
#.....ZlY.....#
#....)Z###.#..#
######..Z....[#
#Z......>..
#...........
#..#...#....
#..###.#### #...
.# #..# #


You could see a wyvern, a howler monkey zombie and a hound skeleton.

Vanquished Creatures
  A spriggan (D:7)
  Edmund (D:5)
  A water moccasin (D:8)
  An orc warrior (D:6)
  3 necrophages
  4 ogres
  3 sky beasts
  An ice beast (D:7)
  A black bear (D:5)
  A phantom (D:6)
  5 centaurs
  A giant frog (D:7)
  3 scorpions
  A howler monkey (D:4)
  3 wights (D:6)
  A centaur zombie (D:7)
  A jelly (D:6)
  4 hounds
  A centaur skeleton (D:5)
  3 orc wizards
  2 orc priests
  2 giant frog skeletons
  An iguana (D:8)
  5 worker ants
  A killer bee zombie (D:6)
  A hound skeleton (D:4)
  A worker ant zombie (D:5)
  4 gnolls (D:5)
  12 adders
  2 howler monkey skeletons
  3 shadow imps
  An ooze (D:2)
  An adder skeleton (D:5)
  4 worms
  2 dart slugs
  A giant gecko (D:6)
  27 orcs
  9 giant cockroaches
  5 goblins
  6 hobgoblins
  3 jackals (D:6)
  3 quokkas
  3 ball pythons
  3 bats
  A giant gecko skeleton (D:5)
  6 giant newts
  7 kobolds
  A quokka skeleton (D:6)
  A quokka zombie (D:7)
  6 rats
164 creatures vanquished.

Vanquished Creatures (collateral kills)
  An ice beast (D:7)
1 creature vanquished.

Grand Total: 165 creatures vanquished

Notes
Turn   | Place    | Note
--------------------------------------------------------------
     0 | D:1      | Ijustatesigmund the Octopode Transmuter began the quest for the Orb.
     0 | D:1      | Reached XP level 1. HP: 13/13 MP: 3/3
   276 | D:1      | Reached XP level 2. HP: 12/18 MP: 5/5
   280 | D:1      | Learned a level 2 spell: Sticks to Snakes
   681 | D:2      | Reached XP level 3. HP: 22/24 MP: 6/6
   686 | D:2      | Learned a level 3 spell: Spider Form
   855 | D:2      | Found a white marble altar of Elyvilon.
   864 | D:2      | Reached skill level 1 in Poison Magic
  1007 | D:2      | Reached XP level 4. HP: 21/30 MP: 7/7
  1499 | D:2      | Reached skill level 4 in Unarmed Combat
  2012 | D:3      | Found a blossoming altar of Fedhas.
  2064 | D:3      | Reached XP level 5. HP: 28/35 MP: 8/8
  2177 | D:3      | Found an oddly glowing altar of Pakellas.
  2415 | D:3      | Found an iron altar of Okawaru.
  3168 | D:4      | HP: 1/36 [orc priest/hand axe (3)]
  3169 | D:4      | Reached XP level 6. HP: 1/42 MP: 5/9
  4512 | D:4      | Found an ancient bone altar of Kikubaaqudgha.
  4517 | D:4      | Found a deep blue altar of Sif Muna.
  4519 | D:4      | Found a radiant altar of Vehumet.
  4524 | D:4      | Identified Sif Muna's Volume of Creation
  4687 | D:5      | Entered Level 5 of the Dungeon
  4707 | D:5      | You fall through a shaft for 2 floors!
  4733 | D:7      | Found a stormy altar of Qazlal.
  4742 | D:7      | Noticed an ice beast
  4746 | D:7      | Noticed a sky beast
  4759 | D:7      | Killed a sky beast
  4759 | D:7      | Reached skill level 5 in Unarmed Combat
  4759 | D:7      | Reached XP level 7. HP: 31/48 MP: 8/11
  5621 | D:6      | Reached XP level 8. HP: 42/54 MP: 6/13
  5701 | D:5      | Reached skill level 5 in Fighting
  5977 | D:5      | Found a staircase to the Ecumenical Temple.
  5988 | D:5      | Reached skill level 6 in Unarmed Combat
  6251 | D:5      | Noticed Edmund
  6265 | D:5      | Killed Edmund
  6265 | D:5      | Reached skill level 5 in Transmutations
  6274 | D:5      | Learned a level 3 spell: Dazzling Spray
  6469 | D:5      | Noticed a moth of wrath
  6473 | D:5      | Found a bloodstained altar of Trog.
  6592 | D:5      | Reached skill level 1 in Conjurations
  6762 | D:5      | Reached skill level 1 in Hexes
  7243 | D:6      | Learned a level 4 spell: Ice Form
  7290 | D:6      | Reached skill level 1 in Ice Magic
  7290 | D:6      | Reached XP level 9. HP: 49/61 MP: 15/15
  7411 | D:6      | Found a shadowy altar of Dithmenos.
  8150 | D:6      | HP: 3/61 [orc warrior/mace (14)]
  8386 | D:6      | Learned a level 2 spell: Ensorcelled Hibernation
  8423 | D:6      | Found a burning altar of Makhleb.
  8426 | D:6      | Found a glowing silver altar of Zin.
  8427 | D:6      | Noticed an angel
  8427 | D:6      | Noticed a cacodemon
  9667 | D:7      | Found a glowing golden altar of the Shining One.
  9791 | D:7      | Reached skill level 5 in Spellcasting
 10346 | D:8      | Reached XP level 10. HP: 58/68 MP: 13/17
 10360 | D:8      | Reached skill level 7 in Unarmed Combat
 10361 | D:8      | Slain by a wyvern

Vault maps used:
D:1:      dpeg_arrival_sounds_slurp, minmay_misc_feat_rows
D:2:      elyvilon_altar_5, minmay_misc_feat_ornament
D:3:      lemuel_round_altar, nicolae_overflow_hidden_temple, okawaru_trees_1
D:4:      grunt_temple_overflow_magic_moments
D:5:      temple_pool_b, first_bread, tgw_trog, uniq_edmund
D:6:      grunt_temple_overflow_order_and_chaos_2, grunt_dithmenos_smoke
D:7:      kennysheep_mini_moat, nicolae_qazlal_general_emergency, the_bakery
D:8:      basic_loot_grate_trap, makhleb_blood_cavern_becter, uniq_grum

Skill      XL: |  1  2  3  4  5  6  7  8  9 10 |
---------------+-------------------------------+-----
Fighting       | 2 3 4 5 6 |  6.2
Poison Magic   | 1 2 |  2.3
Unarmed Combat | 4 5 6 7 |  7.0
Transmutations | 3 4 5 |  5.0
Spellcasting   | 3 4 5 |  5.4
Conjurations   | 1 3 |  3.7
Hexes          | 1 3 |  3.7
Ice Magic      | 1 3 |  3.3
Dodging        | 3 |  3.0
Stealth        | 3 |  3.2

Action                   |  1- 3 |  4- 6 |  7- 9 | 10-12 || total
-------------------------+-------+-------+-------+-------++-------
Melee: Unarmed           |    56 |   164 |   347 |    10 ||   577
 Cast: Spider Form       |       |     4 |    24 |       ||    28
       Beastly Appendage |       |     2 |     8 |       ||    10
       Sticks to Snakes  |       |     2 |     5 |       ||     7
       Ensorcelled Hiber |       |       |     5 |       ||     5
       Ice Form          |       |       |     2 |     1 ||     3
       Dazzling Spray    |       |       |     2 |       ||     2
Evoke: Wand              |       |       |     3 |       ||     3
  Use: Scroll            |     6 |     7 |     7 |       ||    20
       Potion            |       |     3 |     4 |     1 ||     8
 Stab: Sleeping          |     6 |     9 |    11 |       ||    26
  Eat: Chunk             |       |     6 |    10 |       ||    16
       Pizza             |       |     1 |     1 |       ||     2
       Bread ration      |       |     1 |     2 |       ||     3
       Royal jelly       |       |       |     1 |       ||     1
